 Dungeon Crawl Stone Soup version 0.28.0-53-g5a82cb258f (webtiles) character file.

Game seed: 12354600148078443572

86 Peloso the Shield-Bearer (level 4, 0/40 HPs)
             Began as a Minotaur Fighter on July 17, 2022.
             Killed from afar by Robin (16 damage)
             ... with an iceblast
             ... on level 3 of the Dungeon.
             The game lasted 00:04:30 (1595 turns).

Peloso the Shield-Bearer (Minotaur Fighter)         Turns: 1595, Time: 00:04:31

Health: 0/40       AC:  9    Str: 21    XL:     4   Next: 27%
Magic:  3/3        EV:  9    Int:  5    God:
Gold:   38         SH:  5    Dex: 11    Spells: 3/3 levels left

rFire   . . .      SeeInvis .   a - +0 long sword
rCold   . . .      Faith    .   c - +0 buckler
rNeg    + . .      Spirit   .   b - +0 scale mail
rPois   .          Reflect  .   f - +2 hat
rElec   .          Harm     .   (no cloak)
rCorr   .          Rampage  .   (no gloves)
Will    .....                   (no boots)
Stlth   ..........              (no amulet)
HPRegen 0.13/turn               g - ring of positive energy
MPRegen 0.08/turn               (no ring)

@: no status effects
A: horns 2, retaliatory headbutt
a: no special abilities


You were on level 3 of the Dungeon.
You visited 1 branch of the dungeon, and saw 3 of its levels.

You collected 38 gold pieces.

Inventory:

Hand Weapons
 a - a +0 long sword (weapon)
Armour
 b - a +0 scale mail (worn)
 c - a +0 buckler (worn)
 f - a +2 hat (worn)
Jewellery
 g - a ring of positive energy (left hand)
Scrolls
 h - 2 scrolls of teleportation {unknown}
 i - 2 scrolls of identify {unknown}
 j - a scroll of enchant armour {unknown}
 k - a scroll of blinking {unknown}
Potions
 d - a potion of might
 e - a potion of curing {unknown}


   Skills:
 + Level 4.2 Fighting
 + Level 3.1 Long Blades
 + Level 4.3 Armour
 + Level 0.7 Dodging
 + Level 4.7 Shields


You had 3 spell levels left.
You didn't know any spells.
Your spell library was empty.

Dungeon Overview and Level Annotations

Branches:
Dungeon (3/15)

Altars:

Shops:
D:1 [

Annotations:
D:2 Sigmund
D:3 Robin


Innate Abilities, Weirdness & Mutations

You have a pair of horns on your head.
You reflexively headbutt those who attack you in melee.


Message History

a +0 club; a goblin corpse The goblin shoots a stone.
The stone hits you but does no damage.
The goblin shoots a stone.
The stone hits you.
The goblin unwields a +0 hunting sling.
The goblin wields a +2 dagger of venom.
It begins to drip with poison!
The goblin barely misses you. You furiously retaliate!
You headbutt the goblin!
You kill the goblin!
Items here: ( )) †.
A goblin comes into view. It is wielding a +0 club.
Items here: ( )) †.
Okay, then.
Things that are here:
a +0 club; a goblin corpse
Things that are here:
a +0 dagger; a goblin corpse You see here a +0 spear.
The goblin drinks a potion.
The goblin seems to grow stronger.
Things that are here:
a +0 dagger; a goblin corpse You slash the goblin!
You kill the goblin!
You slash the goblin!
You kill the goblin!
Things that are here:
a +0 dagger; a +0 club; a goblin corpse
Items here: ( )) †.
A goblin comes into view. It is wielding a +0 club.
The goblin shouts!
Robin of the Strong Arm comes into view.
They are wielding a +0 long sword and carrying a wand of iceblast (4).
Robin roars a battlecry!
The goblin goes into a battle-frenzy!
There is a large open door here.
Robin's bangles clink loudly.
Robin zaps a wand.
The mass of ice explodes!
The iceblast engulfs you!
The iceblast engulfs the goblin!!
The goblin dies!
Robin zaps a wand.
The mass of ice explodes!
The iceblast engulfs you!
Found 28 sling bullets.
Robin zaps a wand.
The mass of ice explodes!
The iceblast engulfs you!
You die...

#...#.))))#...#
#...#.))..#.†.#
##'##.....##)##
#..........).#
#............#
#..)##########
#...#.......###
#...'..)...g'.(
#...'..@....#
#############


You could see Robin.

Vanquished Creatures
  An adder (D:2)
  A worm (D:3)
  2 dart slugs (D:2)
  5 endoplasms
  A giant cockroach (D:2)
  21 goblins
  2 hobgoblins
  11 jackals
  4 kobolds
  2 quokkas (D:3)
  4 ball pythons
  A frilled lizard (D:3)
  3 rats
58 creatures vanquished.

Vanquished Creatures (others)
  A goblin (D:3)
1 creature vanquished.

Grand Total: 59 creatures vanquished

Notes
Turn   | Place    | Note
-------+----------+-------------------------------------------
     0 | D:1      | Peloso the Minotaur Fighter began the quest for the Orb.
     0 | D:1      | Reached XP level 1. HP: 19/19 MP: 0/0
    96 | D:1      | Reached XP level 2. HP: 19/27 MP: 1/1
   408 | D:1      | Found Orerph's Armour Emporium.
   915 | D:2      | Reached XP level 3. HP: 29/33 MP: 2/2
  1151 | D:2      | Noticed Sigmund
  1434 | D:3      | Reached XP level 4. HP: 40/40 MP: 3/3
  1592 | D:3      | Noticed Robin
  1595 | D:3      | Killed from afar by Robin

Illustrated notes

Levels and vault maps discovered:
D:1:      nzn_arrival_water_spiral, layout_loops_ring, serial_shops,
          shop_statue, nrook_mini_vaults, minmay_misc_feat_rugged,
          hangedman_abyss_or_decor_lesser_grid
D:2:      layout_basic, hellmonk_ecumenical_altar_dog_temple,
          hangedman_decor_peaks_small, minmay_split_cup_large, uniq_sigmund
D:3:      kennysheep_goblin_castle, layout_loops_ring, uniq_robin, uniq_grinder

Skill      XL: |  1  2  3 |
---------------+----------+-----
Shields        | 4 |  4.7
Armour         | 4 |  4.3
Fighting       | 4 |  4.2
Long Blades    | 3 |  3.1
Dodging        | |  0.7

Action                   |  1- 3 |  4- 6 || total
-------------------------+-------+-------++-------
Melee: Long sword        |    80 |    23 ||   103
       Headbutt          |    10 |     1 ||    11
  Use: Potion            |     2 |       ||     2
Armor: Scale mail        |    40 |    11 ||    51
Dodge: Dodged            |    48 |     9 ||    57
Block: Buckler           |    25 |     8 ||    33
